 Dungeon Sprint DCSS version 0.19-a0-1878-gcbc8a98 (webtiles) character file.

0 GrittyGramps the Charlatan (level 1, -1/19 HPs)
             Began as an Ogre Artificer on Oct 13, 2016.
             Slain by Ijyb
             ... wielding a +5 dagger of freezing
              (3 damage)
             ... in the Dungeon (Sprint VI: "Thunderdome").
             The game lasted 00:00:25 (33 turns).

GrittyGramps the Charlatan (Ogre Artificer)           Turns: 33, Time: 00:00:26

Health: -1/19      AC:  3    Str: 16    XL:     1   Next: 20%
Magic:  2/3        EV: 10    Int: 10    God:
Gold:   0          SH:  0    Dex: 10    Spells: 0 memorised, 0 levels left

rFire  . . .     SeeInvis .     a - +0 short sword
rCold  . . .     Gourm    .     b - +0 robe
rNeg   . . .     Faith    .     (no shield)
rPois  .         Spirit   .     (helmet restricted)
rElec  .         Dismiss  .     (no cloak)
rCorr  .         Reflect  .     (gloves unavailable)
MR     .....     Harm     .     (boots unavailable)
Stlth  +......... NoTele   +    (no amulet)
                                (no ring)
                                (no ring)

@: no status effects
A: unfitting armour, tough skin 1
a: no special abilities


You were in the Dungeon.
You were not hungry.

You visited 1 branch

Inventory:

Hand Weapons
 a - a +0 short sword (weapon)
Armour
 b - a +0 robe (worn)
Wands
 c - a wand of flame (15/48)
 d - a wand of enslavement (15/24)
 e - a wand of random effects (15/48)
Scrolls
 l - a scroll of blinking
Potions
 g - a potion of curing
 h - a potion of heal wounds
 i - a potion of haste
 j - 2 potions of magic
 k - a potion of berserk rage
Comestibles
 f - a bread ration


   Skills:
 + Level 1.3 Fighting
 + Level 0.5 Short Blades
 + Level 1.8 Dodging
 + Level 0.6 Stealth
 + Level 3.0 Evocations


You couldn't memorise any spells.
You didn't know any spells.

Dungeon Overview and Level Annotations

Branches:
Dungeon (1/1)

Altars:
Cheibriados
Dithmenos
Fedhas
Kikubaaqudgha
Makhleb
Okawaru
Qazlal
Ru
Trog
Yredelemnul
Zin
The Shining One
Beogh
Jiyva
Lugonu

Shops:
D ??:(!!!!

Annotations:
D Ijyb


Innate Abilities, Weirdness & Mutations

You are too large for most types of armour.
You have tough skin. (AC +1)


Message History

Found Coilim's Magic Scroll Shop and Abyuneabue's Must-Have Magic.
You closely miss the kobold. The kobold closely misses you.
Ijyb barely misses you.
You hit the kobold.
You kill the kobold!
Your Evocations skill increases to level 3!
Ijyb hits you but does no damage.
Things that are here:
a dagger; a kobold corpse Ijyb hits you but does no damage.
Found a glowing silver altar of Zin.
Ijyb hits you with a dagger of freezing.
Ijyb freezes you.
Found Hinaesh's Distillery.
Found Jyaxzac's Do-It-Yourself Clinic.
Found a stormy altar of Qazlal and a basalt altar of Yredelemnul.
Ijyb hits you with a dagger of freezing!
* * * LOW HITPOINT WARNING * * *
Ijyb freezes you.
You die...

#∩.......∩#
#_......._#
#_......._#
#_......._#
###.........###
#⌠...).......⌠#
###.8.........8.######
._......###..g..._._∩#
......8.# #.8.@......∩
........###...........
.....###...###........
..... #.<.# #........
..... #...# #........
........###...........
......8. .8........∩
_...... ......___∩#
##.8... ...8.##


You could see Ijyb.

Vanquished Creatures
  A kobold (D)
1 creature vanquished.

Notes
Turn   | Place    | Note
-------+----------+-------------------------------------------
     0 | D        | GrittyGramps the Ogre Artificer began the quest for the Orb.
     0 | D        | Reached XP level 1. HP: 19/19 MP: 2/2
     1 | D        | Found a roughly hewn altar of Beogh.
     1 | D        | Found a blossoming altar of Fedhas.
     3 | D        | Found a shadowy altar of Dithmenos.
     3 | D        | Found an ancient bone altar of Kikubaaqudgha.
     5 | D        | Found a burning altar of Makhleb.
     5 | D        | Found a viscous altar of Jiyva.
     5 | D        | Round 1.
     6 | D        | Noticed Ijyb
     7 | D        | Found a bloodstained altar of Trog.
     7 | D        | Found an iron altar of Okawaru.
    17 | D        | Found a corrupted altar of Lugonu.
    18 | D        | Found a glowing golden altar of the Shining One.
    18 | D        | Found a snail-covered altar of Cheibriados.
    19 | D        | Found a sacrificial altar of Ru.
    19 | D        | Found Ofudoceps's Magic Scroll Shop.
    19 | D        | Found Ymoryol's Staff Store.
    20 | D        | Found Coilim's Magic Scroll Shop.
    20 | D        | Found Abyuneabue's Must-Have Magic.
    22 | D        | Reached skill level 3 in Evocations
    28 | D        | Found a glowing silver altar of Zin.
    30 | D        | Found Hinaesh's Distillery.
    32 | D        | Found a stormy altar of Qazlal.
    32 | D        | Found a basalt altar of Yredelemnul.
    32 | D        | Found Jyaxzac's Do-It-Yourself Clinic.
    33 | D        | Found Utonuerr's Distillery.
    33 | D        | Found Biogu's Bottled Wisdom.
    33 | D        | Slain by Ijyb

Vault maps used:
D:        arena_sprint

Skill      XL: |  1 |
---------------+----+-----
Evocations     | 3 |  3.0
Fighting       | |  1.3
Short Blades   | |  0.5
Dodging        | |  1.8
Stealth        | |  0.6

Action                   || total
-------------------------++-------
Melee: Short sword       ||     3
Armor: Robe              ||     2
Dodge: Dodged            ||     3
